 Dungeon Crawl Stone Soup version 0.26.0-45-g9c1d065592 (webtiles) character file.

Game seed: 2737504461106266639

8335 trckry the Quickloader (level 11, -6/67 HPs)
             Began as a Tengu Hunter on Jan 31, 2021.
             Was an Elder of Okawaru.
             Hit by a large rock thrown by a cyclops (32 damage)
             ... on level 10 of the Dungeon.
             The game lasted 00:27:51 (12984 turns).

trckry the Quickloader (Tengu Hunter)              Turns: 12984, Time: 00:27:52

Health: -6/67      AC: 16    Str: 17    XL:     11   Next: 29%
Magic:  25/25      EV:  7    Int: 11    God:    Okawaru [****..]
Gold:   623        SH:  0    Dex: 14    Spells: 10/10 levels left

rFire    . . .     SeeInvis +   c - +0 arbalest
rCold    . . .     Faith    .   (shield currently unavailable)
rNeg     . . .     Spirit   .   s - +0 plate armour
rPois    +         Reflect  .   (helmet restricted)
rElec    .         Harm     .   q - +0 cloak
rCorr    .         Rampage  .   o - +1 pair of gloves
Will     .....                  (boots unavailable)
Stlth    ..........             (no amulet)
HPRegen  0.21/turn              v - ring of magical power
MPRegen  0.19/turn              H - ring of poison resistance

@: flying quickly and evasively, quick
A: beak, horns 1, talons 3, molten scales 1, see invisible, able to fly
a: Stop Flying, Renounce Religion, Heroism


You were on level 10 of the Dungeon.
You worshipped Okawaru.
Okawaru was greatly pleased with you.
You visited 2 branches of the dungeon, and saw 11 of its levels.

You collected 623 gold pieces.

Inventory:

Hand Weapons
 a - a +2 hand crossbow
 b - a +3 quarterstaff of chaos
 c - a +0 arbalest (weapon)
Missiles
 d - 85 bolts (quivered ammo)
 h - 29 poisoned darts
Armour
 o - a +1 pair of gloves (worn)
 q - a +0 cloak (worn)
 s - a +0 plate armour (worn)
Jewellery
 v - a ring of magical power (left hand)
 H - a ring of poison resistance (right hand)
Wands
 u - a wand of enslavement (13)
 y - a wand of paralysis (6)
 D - a wand of polymorph (16)
 E - a wand of iceblast (10)
 K - a wand of random effects (24)
 L - a wand of digging (3)
Scrolls
 j - 4 scrolls of remove curse
 k - 5 scrolls of teleportation
 l - 4 scrolls of identify
 m - a scroll of amnesia {unknown}
Potions
 e - 4 potions of mutation
 g - 3 potions of curing
 i - 2 potions of degeneration {unknown}
 n - a potion of ambrosia {unknown}
 r - a potion of attraction {unknown}
 t - a potion of cancellation {unknown}
 z - a potion of lignification {unknown}
 A - a potion of might {unknown}
 B - a potion of heal wounds {unknown}
 C - a potion of resistance
 G - a potion of magic {unknown}
 J - a potion of haste {unknown}
 O - a potion of berserk rage {unknown}
Miscellaneous
 M - a condenser vane


   Skills:
 + Level 7.2 Fighting
 + Level 7.5 Staves
 * Level 11.5 Crossbows
 - Level 2.5 Armour
 - Level 2.5 Dodging
 - Level 1.0 Stealth
 + Level 6.1 Invocations
 + Level 6.8 Evocations


You had 10 spell levels left.
You didn't know any spells.
Your spell library contained the following spells:

 Spells                   Type           Power        Failure   Level
 Ensorcelled Hibernation  Hex/Ice        0%           100%        2
 Borgnjor's Vile Clutch   Necr/Erth      0%           100%        5
 Silence                  Hex/Air        0%           100%        5
 Shadow Creatures         Summ           N/A          100%        6


Dungeon Overview and Level Annotations

Branches:
Dungeon (10/15)            Temple (1/1) D:7             Orc (0/2) D:9
   Lair: D:8-11

Altars:
Ashenzari
Cheibriados
Dithmenos
Elyvilon
Fedhas
Gozag
Hepliaklqana
Kikubaaqudgha
Makhleb
Nemelex Xobeh
Okawaru
Qazlal
Ru
Sif Muna
Trog
Uskayaw
Vehumet
Wu Jian
Xom
Yredelemnul
Zin
The Shining One
Beogh

Annotations:
D:5 1 runed translucent door, Gadfly's ghost, novice HaFi
D:6 2 transporters, XxsatanxX's ghost, novice DDFi
D:10 2 transporters, promet's ghost, journeyman GnMo


Innate Abilities, Weirdness & Mutations

You have a beak for a mouth.
You have claws for feet.
You can fly continuously.
You have a pair of small horns on your head.
You are partially covered in molten scales. (AC +2)
You have supernaturally acute eyesight. (SInv)


Message History

c - a +0 arbalest (weapon)
The cyclops hits you!
Fire: 86 bolts
Press: ? - help, Q - select action, (/) - cycle Shift-Dir - straight line, f - cyclops
Aim: a cyclops, quivering 3 large rocks (lightly wounded, 88% to hit)
You shoot a bolt. The bolt hits the cyclops!
The cyclops is moderately wounded.
The cyclops hits you!
Okay, then.
As you read the scroll of fear, it crumbles to dust.
You assume a fearsome visage.
The cyclops looks frightened!
You start resting.
A cyclops is nearby!
As you read the scroll of fear, it crumbles to dust.
You assume a fearsome visage.
The cyclops looks frightened!
Things that are here:
a +0 hand axe; a +0 hand axe The cyclops seems to regain its courage.
The cyclops throws a large rock.
The large rock hits you!!
You die...

#......##### #.##.####.#
#.#.....(# #.##.####.#
#.#.####.#########.........#
#.#.##...........####.####.#
..[....#.#######.# #.####.#
#.#.#....# #<# #......#
#........##### #.# ########
####≈≈≈≈.C≈≈≈###.#
####≈##≈.≈##≈...@#
...#≈###'###≈###.#
##)#≈≈#(..#≈≈###)#
##.#≈≈#...#≈≈#..>#
.#.#≈≈#C!.#≈≈#.#.#
.#.#≈#######≈#.#.#
.#.#≈##≈≈≈##≈....#
...#≈≈≈≈≈≈≈≈≈#.###
.######........#


You could see a cyclops.

Vanquished Creatures
  Grinder (D:5)
  13 yaks
  Sigmund (D:2)
  A wyvern (D:10)
  Eustachio (D:5)
  A water moccasin (D:8)
  10 orc warriors
  3 sky beasts
  3 ice beasts
  A black bear (D:6)
  A necrophage (D:9)
  6 phantoms
  6 ogres
  5 centaurs
  2 big kobolds
  5 bullfrogs
  A gnoll sergeant (D:9)
  A water moccasin zombie (D:9)
  5 scorpions
  An electric eel (D:10)
  3 hounds
  3 jellies
  14 orc wizards
  9 orc priests
  Crazy Yiuf (D:2)
  2 bullfrog skeletons
  2 centaur skeletons
  2 iguanas
  10 worker ants
  2 hound zombies
  11 gnolls
  A howler monkey skeleton (D:4)
  13 adders
  2 white imps
  2 ufetubi
  2 oozes
  An adder zombie (D:5)
  2 adder skeletons
  2 worms
  4 dart slugs
  7 leopard geckos
  52 orcs
  9 giant cockroaches
  5 goblins
  9 hobgoblins
  12 jackals
  21 kobolds
  5 quokkas
  A ball python (D:1)
  8 bats
  3 frilled lizards
  A leopard gecko zombie (D:6)
  8 rats
297 creatures vanquished.

Vanquished Creatures (others)
  2 plants (D:5)
  2 withered plants (D:5)
4 creatures vanquished.

Grand Total: 301 creatures vanquished

Notes
Turn   | Place    | Note
-------+----------+-------------------------------------------
     0 | D:1      | trckry the Tengu Hunter began the quest for the Orb.
     0 | D:1      | Reached XP level 1. HP: 12/12 MP: 2/2
   140 | D:1      | Reached XP level 2. HP: 17/17 MP: 3/3
   208 | D:1      | Reached XP level 3. HP: 21/21 MP: 4/4
   862 | D:1      | Found a bloodstained altar of Trog.
   865 | D:1      | Found a glowing golden altar of the Shining One.
   865 | D:1      | Found a sparkling altar of Nemelex Xobeh.
   867 | D:1      | Found a shimmering altar of Xom.
   867 | D:1      | Found an ancient bone altar of Kikubaaqudgha.
   867 | D:1      | Found a white marble altar of Elyvilon.
   986 | D:1      | Reached skill level 1 in Armour
  1183 | D:2      | Reached XP level 4. HP: 26/26 MP: 5/5
  1258 | D:2      | Reached skill level 1 in Staves
  1287 | D:2      | Reached skill level 5 in Crossbows
  1287 | D:2      | Reached skill level 1 in Evocations
  1353 | D:2      | Noticed a phantom
  1363 | D:2      | Killed a phantom
  1364 | D:2      | Reached skill level 1 in Invocations
  1364 | D:2      | Gained mutation: You can fly continuously. [Tengu growth]
  1364 | D:2      | Reached XP level 5. HP: 14/31 MP: 6/6
  1539 | D:2      | Found a stormy altar of Qazlal.
  1659 | D:2      | Found a runed translucent door.
  1660 | D:2      | Noticed Crazy Yiuf
  1750 | D:2      | Killed Crazy Yiuf
  2588 | D:2      | Noticed Sigmund
  2596 | D:2      | Killed Sigmund
  2597 | D:2      | Reached XP level 6. HP: 31/37 MP: 8/8
  3462 | D:4      | Noticed a phantom
  3473 | D:4      | Reached skill level 6 in Crossbows
  3473 | D:4      | Reached XP level 7. HP: 37/41 MP: 9/9
  4421 | D:5      | Entered Level 5 of the Dungeon
  4434 | D:5      | Noticed Eustachio
  4472 | D:5      | Killed Eustachio
  4473 | D:5      | Reached XP level 8. HP: 48/48 MP: 9/11
  4506 | D:5      | Reached skill level 7 in Crossbows
  4645 | D:5      | Noticed Grinder
  4691 | D:5      | Paralysed by Grinder for 2 turns
  4716 | D:5      | Killed Grinder
  5459 | D:5      | Reached skill level 8 in Crossbows
  5485 | D:5      | Reached XP level 9. HP: 30/52 MP: 12/12
  5908 | D:5      | Found a runed translucent door.
  5908 | D:5      | Noticed Gadfly's ghost (novice HaFi)
  6222 | D:6      | Reached skill level 5 in Fighting
  6257 | D:6      | Found a broken altar of Ashenzari.
  6283 | D:6      | Found a transporter.
  6285 | D:6      | Noticed XxsatanxX's ghost (novice DDFi)
  6307 | D:6      | Reached skill level 5 in Staves
  6473 | D:6      | Found a blossoming altar of Fedhas.
  6509 | D:6      | Found a transporter.
  6785 | D:6      | Reached skill level 9 in Crossbows
  6960 | D:7      | HP: 7/54 [orc wizard/magic dart (3)]
  6965 | D:6      | Gained mutation: You have a pair of small horns on your
                  | head. [potion of mutation]
  6965 | D:6      | Gained mutation: You are partially covered in molten
                  | scales. (AC +2) [potion of mutation]
  6965 | D:6      | Gained mutation: You have supernaturally acute eyesight.
                  | (SInv) [potion of mutation]
  7393 | D:7      | Found a staircase to the Ecumenical Temple.
  7472 | Temple   | Entered the Ecumenical Temple
  7524 | Temple   | Became a worshipper of Warmaster Okawaru
  7771 | D:7      | Reached skill level 5 in Evocations
  7810 | D:7      | You are sucked into a shaft and drop 1 floor!
  8027 | D:8      | Found a snail-covered altar of Cheibriados.
  8400 | D:7      | Reached * piety under Okawaru
  8401 | D:7      | Reached XP level 10. HP: 60/60 MP: 14/14
  9105 | D:8      | Reached skill level 5 in Invocations
  9213 | D:8      | Reached skill level 10 in Crossbows
  9565 | D:8      | Reached ** piety under Okawaru
 10178 | D:9      | Found a roughly hewn altar of Beogh.
 10178 | D:9      | Found a staircase to the Orcish Mines.
 10697 | D:9      | Reached *** piety under Okawaru
 10886 | D:9      | Found a sparkling altar of Nemelex Xobeh.
 11580 | D:10     | Entered Level 10 of the Dungeon
 11821 | D:10     | Noticed a centaur warrior
 11821 | D:10     | Noticed promet's ghost (journeyman GnMo)
 11822 | D:10     | Found a transporter.
 11822 | D:10     | Noticed a yaktaur captain
 11828 | D:10     | Found a transporter.
 11857 | D:10     | Reached skill level 11 in Crossbows
 11872 | D:10     | Reached XP level 11. HP: 30/66 MP: 16/16
 12061 | D:10     | Received a gift from Okawaru
 12491 | D:10     | Reached **** piety under Okawaru
 12937 | D:10     | Received a gift from Okawaru
 12952 | D:10     | Noticed a cyclops
 12984 | D:10     | Hit by a large rock thrown by a cyclops

Illustrated notes

Levels and vault maps discovered:
D:1:      dpeg_arrival_chambers_temple_mockup, layout_basic, doesnt_xom_only_xom
D:2:      layout_basic, grunt_qazlal_clouds, minmay_tromino_i2,
          uniq_crazy_yiuf_cottage, uniq_sigmund
D:3:      layout_loops_ring
D:4:      layout_basic
D:5:      layout_loops_ring, gammafunk_ghost_grave, serial_bayou_pond_a,
          uniq_eustachio, uniq_grinder
D:6:      layout_basic, fedhas_altar_4, kennysheep_mini,
          gammafunk_ghost_mausoleum
D:7:      layout_gridville, minmay_temple_entry_arrows
D:8:      layout_loops_corners, cheibrodos_worm_habitat
D:9:      layout_gridville, david_orc_5, chequers_jeans, grunt_decor_junction,
          nemelex_dance_club_becter
D:10:     layout_loops_cross, gammafunk_ghost_arena,
          ebering_dispersal_statue_hall, lightli_minifort
Temple:   regret_index_temple_mists

Skill      XL: |  1  2  3  4  5  6  7  8  9 10 11 |
---------------+----------------------------------+-----
Armour         | 1 2 |  2.5
Staves         | 1 2 3 4 5 7 |  7.5
Crossbows      | 5 6 8 9 11 | 11.5
Evocations     | 1 2 3 4 5 6 |  6.8
Invocations    | 1 2 3 4 5 6 |  6.1
Fighting       | 3 4 5 6 7 |  7.2
Dodging        | |  2.5
Stealth        | |  1.0

Action                   |  1- 3 |  4- 6 |  7- 9 | 10-12 || total
-------------------------+-------+-------+-------+-------++-------
Melee: Short sword       |    11 |       |       |       ||    11
       Kick              |     3 |    13 |    18 |    28 ||    62
       Peck              |     1 |     7 |    19 |    28 ||    55
       Quarterstaff      |       |    55 |   103 |   105 ||   263
       Headbutt          |       |       |       |    27 ||    27
 Fire: Hand crossbow     |    66 |    60 |   287 |   369 ||   782
       Arbalest          |       |       |       |     1 ||     1
 Abil: Fly               |       |     1 |       |       ||     1
  Use: Potion            |       |       |     2 |       ||     2
       Scroll            |       |       |       |    13 ||    13
 Stab: Paralysed         |       |       |       |     2 ||     2
       Petrifying        |       |       |       |     1 ||     1
Armor: Leather armour    |     4 |     5 |       |       ||     9
       Plate armour      |       |    31 |   154 |   138 ||   323
       Chain mail        |       |     4 |       |       ||     4
Dodge: Dodged            |    23 |    31 |    81 |    70 ||   205
